 Dungeon Crawl Stone Soup version 0.17.1-3-g152610e (webtiles) character file.

1337 Gargoyl the Covered (level 8, 0/62 HPs)
             Began as a Demonspawn Abyssal Knight on Mar 12, 2016.
             Was a Priest of Lugonu.
             Slain by an orc warrior
             ... wielding a +0 morningstar
              (16 damage)
             ... on level 6 of the Dungeon.
             The game lasted 00:11:56 (6055 turns).

Gargoyl the Covered (Demonspawn Abyssal Knight)     Turns: 6055, Time: 00:11:56

Health: 0/62       AC: 18    Str: 16    XL:     8   Next: 35%
Magic:  10/10      EV: 13    Int: 13    God:    Lugonu [***...]
Gold:   129        SH:  4    Dex: 19    Spells: 0 memorised, 7 levels left

rFire  . . .     SeeInvis .     k - +1 war axe (vamp)
rCold  . . .     Clarity  .     b - +0 chain mail
rNeg   . . .     SustAt   .     m - +0 buckler
rPois  .         Gourm    .     (helmet restricted)
rElec  .         Spirit   .     (no cloak)
rCorr  .         Warding  .     e - +2 pair of gloves
rMut   .         Stasis   .     (no boots)
MR     +....                    (no amulet)
Stlth  ..........               F - ring of protection from magic
                                o - +2 ring of dexterity

@: agile, somewhat resistant to hostile enchantments, extremely unstealthy
A: horns 2, iridescent scales 1, low mp 1, powered by pain 1, shaggy fur 1
a: Depart the Abyss, Bend Space, Banish, Renounce Religion


You were on level 6 of the Dungeon.
You worshipped Lugonu.
Lugonu was most pleased with you.
You were not hungry.

You visited 1 branch of the dungeon, and saw 6 of its levels.
You visited the Abyss 1 time.

You collected 187 gold pieces.
You spent 58 gold pieces at shops.

Inventory:

Hand Weapons
 a - a +1 hand axe
 d - a +0 flail
 k - a +1 vampiric war axe (weapon)
 D - a +0 dire flail
Armour
 b - a +0 chain mail (worn)
 e - a +2 pair of gloves (worn)
 m - a +0 buckler (worn)
Jewellery
 o - a +2 ring of dexterity (left hand)
 q - an uncursed ring of sustain attributes
 r - an uncursed ring of fire
 w - a +2 ring of protection
 E - an uncursed ring of protection from cold
 F - a ring of protection from magic (right hand)
 G - an uncursed ring of poison resistance
Wands
 y - a wand of magic darts (9)
Scrolls
 g - a scroll of identify
 l - 2 scrolls of teleportation
 p - a scroll of acquirement {unknown}
Potions
 f - a potion of lignification {unknown}
 h - 2 potions of flight
 i - a potion of curing
 j - 2 potions of degeneration
 t - a potion of haste
Books
 s - a book of Power

   Spells                             Type                      Level
   a - Fulminant Prism                Conjuration/Hexes            4
   b - Iskenderun's Mystic Blast      Conjuration                  4
   c - Venom Bolt                     Conjuration/Poison           5
   d - Bolt of Magma                  Conjuration/Fire/Earth       5
   e - Iron Shot                      Conjuration/Earth            6
   f - Orb of Destruction             Conjuration                  7
   g - Spellforged Servitor           Conjuration/Summoning        7
Comestibles
 c - 3 bread rations
 n - a chunk of flesh
 z - 2 meat rations
 B - 2 beef jerkies
 C - a slice of pizza


   Skills:
 + Level 5.1 Fighting
 + Level 4.6 Axes
 + Level 5.2 Armour
 + Level 4.1 Dodging
 + Level 1.6 Stealth
 + Level 0.1 Shields
 + Level 4.4 Invocations
 + Level 0.2 Evocations


You had 7 spell levels left.
You didn't know any spells.

Dungeon Overview and Level Annotations

Branches:
Dungeon (6/15)             Temple (0/1) D:5

Altars:
Ashenzari
Elyvilon
Ru
Trog

Shops:
D:5 [

Annotations:
Abyss:1 Prince Ribbit


Innate Abilities, Weirdness & Mutations

You have a pair of horns on your head.
You are partially covered in iridescent scales (AC +4).
You sometimes gain a little power by taking damage.
Your magical capacity is low (-10% MP).
You are covered in fur (AC +1).


Message History

You feel agile all of a sudden.
The orc wizard points at you and mumbles some strange words.
The puff of flame hits you!
You completely miss the orc warrior. Your headbutt misses the orc warrior.
The orc warrior is moderately wounded.
You closely miss the orc wizard.
The orc wizard is moderately wounded.
The orc warrior hits you with a morningstar!
* * * LOW HITPOINT WARNING * * *
You block the orc wizard's attack.
An orc priest comes into view. It is wielding a falchion.
You barely miss the orc warrior.
You headbutt the orc warrior, but do no damage.
The orc warrior is moderately wounded.
You closely miss the orc wizard.
The orc wizard is moderately wounded.
The orc warrior hits you but does no damage.
The orc wizard misses you.
The orc warrior hits you with a morningstar!
You die...

### ..# #o# #o#
#o# #o#
########@#
.......o.#
#######..#
######..#####
#...........#
#.####..###.#
#######.####..##
...............#
######.####...##.


You could see an orc warrior, an orc priest, an orc wizard and 2 orcs.

Vanquished Creatures
  Sigmund (D:5)
  2 sky beasts (D:6)
  2 ogres
  Blork the orc (D:4)
  A giant frog (D:3)
  A scorpion (D:4)
  An iguana (D:6)
  2 orc priests (D:3)
  Ijyb (D:2)
  A giant frog skeleton (D:5)
  A hound (D:5)
  Natasha (thrice) (D:2 D:3)
  An orc wizard (D:3)
  3 worker ants
  12 adders
  An ooze (D:3)
  2 worms
  3 giant geckos
  6 orcs (D:3)
  8 hobgoblins
  2 jackals (D:2)
  11 kobolds
  A quokka (D:2)
  3 ball pythons
  11 bats
  2 giant newts
  8 goblins
  A jackal zombie (D:5)
  7 rats
99 creatures vanquished.

Notes
Turn   | Place    | Note
--------------------------------------------------------------
     0 | Abyss:1  | Gargoyl the Demonspawn Abyssal Knight began the quest for the Orb.
     0 | Abyss:1  | Reached XP level 1. HP: 18/18 MP: 2/2
    40 | Abyss:1  | Noticed a shadow
    48 | Abyss:1  | Noticed a starcursed mass
    52 | D:1      | Escaped the Abyss
   628 | D:1      | Gained mutation: You are partially covered in iridescent scales (AC +4). [demonic ancestry]
   628 | D:1      | Reached XP level 2. HP: 16/24 MP: 4/4
   889 | D:1      | Reached * piety under Lugonu
   894 | D:1      | Reached skill level 1 in Dodging
  1445 | D:2      | Noticed Ijyb
  1464 | D:2      | Killed Ijyb
  1464 | D:2      | Reached XP level 3. HP: 16/29 MP: 5/5
  1844 | D:2      | Noticed Natasha
  1856 | D:2      | Killed Natasha
  1856 | D:2      | Gained mutation: You have a pair of small horns on your head. [demonic ancestry]
  1856 | D:2      | Reached XP level 4. HP: 17/36 MP: 6/6
  2383 | D:2      | Reached ** piety under Lugonu
  2473 | D:2      | Reached XP level 5. HP: 37/42 MP: 7/7
  2922 | D:3      | Noticed Natasha
  2928 | D:3      | Killed Natasha
  3085 | D:3      | Noticed Natasha
  3090 | D:3      | Killed Natasha
  3220 | D:3      | Reached skill level 4 in Fighting
  3231 | D:3      | Reached skill level 1 in Stealth
  3231 | D:3      | Gained mutation: You have a pair of horns on your head. [demonic ancestry]
  3231 | D:3      | Reached XP level 6. HP: 24/48 MP: 8/8
  3779 | D:3      | Reached *** piety under Lugonu
  4192 | D:4      | Noticed Blork the orc
  4202 | D:4      | Killed Blork the orc
  4541 | D:4      | Reached XP level 7. HP: 54/54 MP: 9/9
  4867 | D:5      | Entered Level 5 of the Dungeon
  4868 | D:5      | Found a staircase to the Ecumenical Temple.
  5052 | D:5      | Noticed Prince Ribbit
  5094 | D:5      | HP: 2/55 [Prince Ribbit (8)]
  5113 | D:5      | Banished Prince Ribbit
  5449 | D:5      | Found Fecet's Armour Boutique.
  5460 | D:5      | Bought a +0 buckler for 58 gold pieces
  5510 | D:5      | Found a bloodstained altar of Trog.
  5525 | D:5      | Found a white marble altar of Elyvilon.
  5528 | D:5      | Found a shattered altar of Ashenzari.
  5610 | D:5      | Noticed Sigmund
  5632 | D:5      | Killed Sigmund
  5632 | D:5      | Gained mutation: You sometimes gain a little power by taking damage. [demonic ancestry]
  5632 | D:5      | Reached XP level 8. HP: 53/61 MP: 11/11
  5785 | D:5      | Found a sacrificial altar of Ru.
  5822 | D:6      | Reached skill level 5 in Armour
  5853 | D:6      | Gained mutation: You are covered in fur (AC +1). [mutagenic meat]
  5854 | D:6      | Gained mutation: Your magical capacity is low (-10% MP). [mutagenic meat]
  6030 | D:6      | Reached skill level 5 in Fighting
  6055 | D:6      | Slain by an orc warrior

Action                   |  1- 3 |  4- 6 |  7- 9 || total
-------------------------+-------+-------+-------++-------
Melee: Hand axe          |    94 |   203 |    43 ||   340
       War axe           |       |       |    62 ||    62
       Dire flail        |       |       |    14 ||    14
Invok: Depart the Abyss  |     1 |       |       ||     1
       Banish            |       |       |     3 ||     3
Evoke: Wand              |       |       |     1 ||     1
  Use: Scroll            |       |     4 |     8 ||    12
       Potion            |       |       |    12 ||    12
 Stab: Sleeping          |       |     1 |       ||     1
  Eat: Chunk             |     3 |     9 |     3 ||    15
       Fruit             |       |       |     6 ||     6
       Bread ration      |       |       |     1 ||     1
